 Dungeon Crawl Stone Soup version 0.30-a0-637-gacddeb6d44 (webtiles) character file.

Game seed: 14820555265898608265

9636 Leeroy the Carver (level 11, -1/72 HPs)
             Began as a Tengu Warper on Jan 15, 2023.
             Was a Believer of Wu Jian.
             Killed themself with a badly aimed concussive blast (7 damage)
             ... in a volcano.
             The game lasted 00:17:49 (10218 turns).

Leeroy the Carver (Tengu Warper)                   Turns: 10218, Time: 00:17:49

Health: -1/72      AC:  7    Str: 12    XL:     11   Next: 49%
Magic:  9/15       EV: 20    Int: 13    God:    Wu Jian [**....]
Gold:   516        SH:  0    Dex: 24    Spells: 3/14 levels left

rFire   . . .      SeeInvis .    r - +1 scimitar (holy)
rCold   . . .      Faith    .    (no shield)
rNeg    + . .      Spirit   .    K - +3 leather armour {rN+}
rPois   .          Reflect  .    B - +1 hat
rElec   .          Harm     .    (no cloak)
rCorr   .          Rampage  .    (no gloves)
Will    .....                    (boots unavailable)
Stlth   ++                       N - amulet of regeneration
HPRegen 1.12/turn                o - +5 ring of evasion
MPRegen 0.14/turn                I - +6 ring of dexterity

@: flying quickly and evasively, quick
A: beak, talons 3, nimble flight
a: Renounce Religion, Wall Jump


You were in a volcano.
You worshipped Wu Jian.
Wu Jian was pleased with you.
You visited 3 branches of the dungeon, and saw 13 of its levels.
You also visited: Volcano.

You collected 666 gold pieces.
You spent 150 gold pieces at shops.

Inventory:

Hand Weapons
 a - a +0 falchion
 g - a +0 long sword
 r - a +1 scimitar of holy wrath (weapon)
 Q - a +0 dagger of venom
 T - a +0 great sword
 U - a +1 dagger of venom
 V - a +0 dagger of speed
Missiles
 d - 5 boomerangs of dispersal
 D - 4 poisoned darts
 G - a throwing net
 S - 7 boomerangs
Armour
 B - a +1 hat (worn)
 J - the +1 robe of Lugonu's Hope {Drain Str+3 Dex-5 Slay+5}
   (You found it on level 7 of the Dungeon)

   Str:       It affects your strength (+3).
   Dex:       It affects your dexterity (-5).
   Slay:      It affects your accuracy & damage with ranged weapons and melee
   (+5).
   Drain:     It drains your maximum health when unequipped.
 K - a +3 leather armour of positive energy (worn)
 R - the +1 leather armour "Gisegga" {Int+3}
   (You found it on level 8 of the Dungeon)

   Int:       It affects your intelligence (+3).
 X - a +1 hat
 Y - +0 steam dragon scales
Jewellery
 o - a +5 ring of evasion (left hand)
 u - an amulet of magic regeneration
 y - a ring of poison resistance
 F - a ring of ice
 I - a +6 ring of dexterity (right hand)
 N - an amulet of regeneration (around neck)
Wands
 H - a wand of roots (4) (quivered)
 O - a wand of flame (15)
 P - a wand of light (10)
 W - a wand of paralysis (2)
Scrolls
 c - a scroll of blinking
 e - 2 scrolls of torment
 f - 3 scrolls of noise
 h - 2 scrolls of magic mapping
 n - a scroll of immolation
 p - 3 scrolls of teleportation
 s - a scroll of silence {unknown}
 t - 2 scrolls of poison {unknown}
 w - 2 scrolls of enchant armour {unknown}
 x - a scroll of acquirement {unknown}
 E - 3 scrolls of fear {unknown}
 Z - 3 scrolls of fog {unknown}
Potions
 i - 2 potions of cancellation {unknown}
 j - 2 potions of ambrosia {unknown}
 k - 3 potions of flight {unknown}
 l - a potion of invisibility {unknown}
 m - 10 potions of curing
 q - 4 potions of brilliance {unknown}
 v - a potion of resistance {unknown}
 z - 3 potions of lignification {unknown}
 A - 5 potions of attraction {unknown}
 C - a potion of heal wounds {unknown}
 L - a potion of haste {unknown}
 M - 2 potions of mutation {unknown}


   Skills:
 - Level 10.1 Fighting
 - Level 12.0 Long Blades
 - Level 1.0 Throwing
 - Level 1.1 Armour
 - Level 2.1 Dodging
 - Level 2.0 Spellcasting
 + Level 7.2 Translocations
 - Level 2.0 Fire Magic
 - Level 7.4 Air Magic


You had 3 spell levels left.
You knew the following spells:

 Your Spells              Type           Power      Damage    Failure   Level
a - Blink                 Tloc           40%        N/A       2%          2
b - Teleport Other        Tloc           20%        N/A       4%          3
c - Kindle Blastsparks    Fire/Tloc/Air  30%        2d12      10%         3
d - Vhi's Electric Charg  Tloc/Air       40%        N/A       4%          3

Your spell library contained the following spells:

 Spells                   Type           Power      Damage    Failure   Level
 Lesser Beckoning         Tloc           40%        N/A       4%          3
 Poisonous Vapours        Pois/Air       20%        N/A       11%         2
 Cigotuvi's Dreadful Rot  Necr/Pois/Air  14%        N/A       19%         2
 Magic Dart               Conj           4%         1d3       32%         1
 Sting                    Tmut/Pois      4%         1d3       32%         1
 Summon Small Mammal      Summ           4%         N/A       32%         1
 Searing Ray              Conj           2%         2d4       43%         2
 Call Canine Familiar     Summ           1%         N/A       67%         3
 Ozocubu's Armour         Ice            1%         N/A       67%         3
 Summon Guardian Golem    Hex/Summ       1%         N/A       67%         3
 Manifold Assault         Tloc           20%        N/A       17%         4
 Iskenderun's Mystic Bla  Conj/Tloc      10%        2d4       58%         4
 Dispel Undead            Necr           1%         3d6       97%         4
 Fulminant Prism          Conj/Hex       0%         3d5       97%         4
 Olgreb's Toxic Radiance  Pois           1%         N/A       97%         4
 Lee's Rapid Deconstruct  Erth           0%         3d4*      100%        5
 Yara's Violent Unravell  Hex/Tmut       0%         3d3       100%        5
 Death Channel            Necr           0%         N/A       100%        6
 Enfeeble                 Hex            0%         N/A       100%        7
 Ozocubu's Refrigeration  Ice            0%         4d7       100%        7


Dungeon Overview and Level Annotations

Branches:
Dungeon (11/15)            Temple (1/1) D:6            Lair (1/5) D:11
    Orc (0/2) D:9         Volcano (1/1)

Altars:
Ashenzari
Dithmenos
Fedhas
Gozag
Hepliaklqana
Kikubaaqudgha
Makhleb
Nemelex Xobeh
Okawaru
Qazlal
Ru
Sif Muna
Trog
Vehumet
Wu Jian
Xom
Yredelemnul
Zin
The Shining One

Shops:
D:7 [   D:10 *

Annotations:
D:10 2 transporters, ThereIsNoGod's ghost, journeyman OpFi
D:11 Fannar
Lair:1 Amaemon


Innate Abilities, Weirdness & Mutations

You have a beak for a mouth.
You have claws for feet.
Your magical nature lets you fly swiftly and evasively.


Message History

The steam dragon is lightly wounded.
You are engulfed in a cloud of scalding steam.
The steam dragon closely misses you. The steam dragon barely misses you.
You hit the steam dragon but do no damage.
Your kick misses the steam dragon.
You peck the steam dragon, but do no damage.
The steam dragon is lightly wounded.
You are engulfed in a cloud of scalding steam.
You hit the steam dragon. You claw the steam dragon!
Your peck misses the steam dragon.
The steam dragon is heavily wounded.
You are engulfed in a cloud of scalding steam.
The steam dragon barely misses you. x2
You slash the steam dragon!
You claw the steam dragon, but do no damage.
The steam dragon is almost dead.
The steam dragon breathes steam at you. The ball of steam hits you!
You barely miss the steam dragon.
The steam dragon is almost dead.
You are engulfed in a cloud of scalding steam.
The steam dragon closely misses you. The steam dragon barely misses you.
You slash the steam dragon!
You kill the steam dragon!
The Council accepts your kill.
You are engulfed in a cloud of scalding steam.
A lindwurm comes into view.
A steam dragon comes into view.
Things that are here:
+0 steam dragon scales; a steam dragon corpse You can't carry that many items.
You drop a +0 leather armour.
Casting: Vhi's Electric Charge (dangerous; 4% risk of failure)
Confirm with . or Enter, or press ? or * to list all spells.
A cloud of volatile blastsparks flares up around you!
The lindwurm breathes flames at you. The blast of flame hits you!!
* * * LOW HITPOINT WARNING * * *
The cloud of blastsparks explodes!
The concussive blast engulfs you!
You die...

##########
###.........
##....##..##
##...##.#..###
#..∩..#......##
##...##.......##
##∩###........##
### ###.......#
####@...##
#.....##
##†....# ##k...#
#§§..# .§D..# #.
...# #. §..# ##
....


You could see a lindwurm and a steam dragon.

Vanquished Creatures
  3 two-headed ogres
  Joseph (D:8)
  An unseen horror (D:11)
  Maggie (D:9)
  2 trolls
  A hornet (D:8)
  A shadow (D:11)
  A wraith (D:8)
  12 yaks
  2 basilisks (Lair:1)
  8 steam dragons
  Menkaure (D:5)
  An orc warrior (D:9)
  An ice beast (D:5)
  An ogre (D:5)
  3 centaurs
  A phantom (D:4)
  A kobold brigand (D:8)
  5 bullfrogs
  A gnoll sergeant (D:11)
  5 scorpions
  3 necrophages
  4 wights (D:8)
  3 electric eels (D:9)
  5 howler monkeys
  3 hounds
  6 jellies
  2 orc priests (D:9)
  A gnoll bouda (D:4)
  4 iguanas
  10 orc wizards
  12 gnolls
  4 adders
  A shadow imp (D:5)
  A white imp (D:6)
  An ufetubus (D:7)
  A worm (D:2)
  6 dart slugs
  21 orcs
  3 endoplasms
  3 giant cockroaches
  9 hobgoblins
  5 jackals (D:3)
  2 quokkas
  9 ball pythons
  3 bats
  3 frilled lizards
  7 goblins
  16 kobolds
  4 rats
205 creatures vanquished.

Vanquished Creatures (others)
  5 fungi
  10 plants
15 creatures vanquished.

Grand Total: 220 creatures vanquished

Notes
Turn   | Place    | Note
-------+----------+-------------------------------------------
     0 | D:1      | Leeroy the Tengu Warper began the quest for the Orb.
     0 | D:1      | Reached XP level 1. HP: 12/12 MP: 4/4
   174 | D:1      | Found a faded altar of an unknown god.
   176 | D:1      | Reached XP level 2. HP: 17/17 MP: 6/6
   177 | D:1      | Reached skill level 3 in Long Blades
   369 | D:1      | Reached XP level 3. HP: 19/21 MP: 7/7
   489 | D:1      | Reached skill level 4 in Long Blades
  1397 | D:2      | Reached XP level 4. HP: 26/26 MP: 8/8
  1559 | D:3      | Learned a level 2 spell: Blink
  1563 | D:3      | Learned a level 3 spell: Teleport Other
  1737 | D:3      | Reached skill level 5 in Long Blades
  1890 | D:3      | Gained mutation: Your magical nature lets you fly swiftly
                  | and evasively. [Tengu growth]
  1890 | D:3      | Reached XP level 5. HP: 30/30 MP: 9/9
  1899 | D:3      | Learned a level 3 spell: Kindle Blastsparks
  2197 | D:4      | Noticed a phantom
  2204 | D:4      | Killed a phantom
  2205 | D:4      | Reached skill level 6 in Long Blades
  2243 | D:4      | Reached XP level 6. HP: 22/35 MP: 10/10
  2650 | D:4      | Reached skill level 7 in Long Blades
  2736 | D:4      | Reached skill level 1 in Fire Magic
  2980 | D:5      | Entered Level 5 of the Dungeon
  2989 | D:5      | Reached skill level 1 in Air Magic
  3098 | D:5      | Reached XP level 7. HP: 38/40 MP: 11/11
  3127 | D:5      | Reached skill level 8 in Long Blades
  3335 | D:5      | Noticed Menkaure
  3348 | D:5      | Killed Menkaure
  3576 | D:5      | Reached skill level 9 in Long Blades
  3666 | D:5      | Reached XP level 8. HP: 21/44 MP: 12/12
  4445 | D:6      | Reached skill level 10 in Long Blades
  4451 | D:6      | Reached skill level 5 in Air Magic
  4802 | D:6      | Found a staircase to the Ecumenical Temple.
  4819 | Temple   | Entered the Ecumenical Temple
  5329 | D:7      | Reached XP level 9. HP: 39/48 MP: 13/13
  5379 | D:7      | Identified the +1 robe of Lugonu's Hope {Drain Str+3 Dex-5
                  | Slay+5}
  5437 | D:7      | Reached skill level 11 in Long Blades
  5437 | D:7      | Found Boimotz's Antique Armour Emporium.
  5442 | D:7      | Learned a level 3 spell: Vhi's Electric Charge
  5464 | D:7      | Bought a dyed leather armour for 150 gold pieces
  6377 | D:8      | Noticed a hornet
  6446 | D:8      | Identified the +1 leather armour "Gisegga" {Int+3}
  6549 | D:8      | Reached skill level 12 in Long Blades
  6861 | D:8      | Killed a hornet
  7138 | D:8      | Noticed Joseph
  7154 | D:8      | Killed Joseph
  7155 | D:8      | Reached skill level 5 in Fighting
  7435 | Temple   | Became a worshipper of the Wu Jian Council
  7603 | D:9      | Noticed a two-headed ogre
  7647 | D:9      | Reached XP level 10. HP: 57/60 MP: 3/14
  7790 | D:9      | Killed a two-headed ogre
  8046 | D:9      | Noticed Maggie
  8305 | D:9      | Found a staircase to the Orcish Mines.
  8536 | D:9      | Killed Maggie
  8634 | D:10     | Entered Level 10 of the Dungeon
  8639 | D:10     | Reached * piety under Wu Jian
  8692 | D:10     | Noticed ThereIsNoGod's ghost (journeyman OpFi)
  8699 | D:10     | Found a bloodstained altar of Trog.
  8701 | D:10     | Noticed a moth of wrath
  8702 | D:10     | Noticed a tengu warrior
  8706 | D:10     | Found a transporter.
  8716 | D:10     | Noticed a two-headed ogre
  8724 | D:10     | Noticed a two-headed ogre
  8742 | D:10     | Found a transporter.
  8774 | D:10     | Killed a two-headed ogre
  8788 | D:9      | Reached skill level 10 in Fighting
  8892 | D:10     | Found a broken altar of Ashenzari.
  8988 | D:10     | Found Wapsir's Overcharged Wands.
  9009 | D:10     | Noticed a two-headed ogre
  9033 | D:10     | Killed a two-headed ogre
  9035 | D:10     | Reached XP level 11. HP: 67/72 MP: 2/15
  9308 | D:10     | Reached skill level 5 in Translocations
  9589 | D:11     | Found a staircase to the Lair.
  9801 | D:11     | Noticed a boulder beetle
 10070 | D:11     | Noticed Fannar
 10123 | Lair:1   | Entered Level 1 of the Lair of Beasts
 10163 | Lair:1   | Found a dark tunnel.
 10169 | Lair:1   | Noticed Amaemon
 10180 | Volcano  | Entered a volcano
 10206 | Volcano  | Reached ** piety under Wu Jian
 10215 | Volcano  | Noticed a lindwurm
 10218 | Volcano  | Killed themself with a badly aimed concussive blast

Illustrated notes

Levels and vault maps discovered:
D:1:      kennysheep_arrival_seaside, layout_loops_ring,
          shapermc_ecumenical_altar_gd, kennysheep_small_spiral
D:2:      layout_rooms, kennysheep_generic_room_8
D:3:      layout_loops_ring, kennysheep_generic_room_11
D:4:      cheibrodos_old_hovel, layout_loops_cross, dk_rats_in_the_wall
D:5:      layout_cave_pods, uniq_menkaure
D:6:      layout_basic, minmay_temple_entry_offerings, grunt_decor_cap,
          kennysheep_generic_room_12
D:7:      layout_basic, serial_shops, shop_coins
D:8:      layout_basic, uniq_joseph
D:9:      layout_roguey, orc_0_dummy, nicolae_water_bricks,
          minmay_misc_feat_nine_boxes, serial_bayou_lagoon_a, uniq_maggie
D:10:     layout_roguey, mainiacjoe_overflow_surrounded_room,
          gammafunk_ghost_wrathful_warriors, nicolae_shop_overcharged_wands
D:11:     layout_basic, lair_entry_dummy, serial_glass, glass_columns_c,
          glass_columns_a, minivault_22, uniq_fannar
Temple:   compressed_dpeg_circular_temple
Lair:1:   layout_chaotic_city, nicolae_volcano_entry_two_sided,
          grunt_megastairs_3, uniq_amaemon, uniq_erica
Volcano:  hellmonk_smoking_crater

Skill      XL: |  1  2  3  4  5  6  7  8  9 10 11 |
---------------+----------------------------------+-----
Long Blades    | 3 4 5 6 7 9 10 12 | 12.0
Fire Magic     | 1 2 |  2.0
Air Magic      | 1 3 6 7 |  7.4
Fighting       | 6 10 | 10.1
Translocations | 4 7 |  7.2
Throwing       | |  1.0
Armour         | |  1.1
Dodging        | |  2.1
Spellcasting   | |  2.0

Action                   |  1- 3 |  4- 6 |  7- 9 | 10-12 || total
-------------------------+-------+-------+-------+-------++-------
Melee: Falchion          |    17 |       |       |       ||    17
       Kick              |    21 |    23 |    44 |    69 ||   157
       Peck              |    11 |    20 |    24 |    45 ||   100
       Long sword        |    78 |    25 |       |       ||   103
       Punch             |     1 |       |     1 |     3 ||     5
       Scimitar          |       |    95 |   168 |   191 ||   454
Throw: Boomerang         |     1 |       |       |     1 ||     2
       Dart              |       |       |       |     1 ||     1
 Cast: Kindle Blastspark |       |     2 |    25 |    22 ||    49
       Vhi's Electric Ch |       |       |    11 |     5 ||    16
       Blink             |       |       |       |     2 ||     2
Invok: Lunge             |       |       |       |     8 ||     8
       Whirlwind         |       |       |       |     3 ||     3
Evoke: Wand              |       |       |       |     8 ||     8
  Use: Scroll            |       |       |     6 |     1 ||     7
 Stab: Sleeping          |     2 |     2 |       |     1 ||     5
       Distracted        |       |     1 |       |       ||     1
       Paralysed         |       |       |       |     3 ||     3
Armor: Leather armour    |    24 |    14 |    18 |    22 ||    78
Dodge: Dodged            |    79 |   105 |   105 |   130 ||   419

Table legend: (Time is in decaauts)
 A = Elapsed time spent in this place.
 B = Non-inter-level travel time spent in this place.
 C = Inter-level travel time spent in this place.
 D = Time resting spent in this place.
 E = Time spent auto-exploring this place.
 F = Levels seen in this place.
 G = Mean time per level.
                   A        B        C        D        E       F      G
               +--------+--------+--------+--------+--------+-----+--------+
         Total |   9660 |   9117 |    543 |    285 |   6846 |  14 |  690.0 |
       Dungeon |   9461 |   8926 |    535 |    285 |   6785 |  11 |  860.1 |
        Temple |    112 |    104 |      8 |      0 |     51 |   1 |  112.0 |
          Lair |     53 |     53 |      0 |      0 |      0 |   1 |   53.0 |
       Volcano |     33 |     33 |      0 |      0 |      9 |   1 |   33.0 |
               +--------+--------+--------+--------+--------+-----+--------+

Top non-repeatable levels by time:
     D:5: 1243 daAuts
     D:8: 1158 daAuts
     D:9: 1006 daAuts
     D:6: 979 daAuts
     D:1: 952 daAuts
     D:3: 819 daAuts
     D:7: 789 daAuts
    D:10: 761 daAuts
     D:4: 725 daAuts
    D:11: 529 daAuts
     D:2: 495 daAuts
  Temple: 112 daAuts
  Lair:1: 53 daAuts
 Volcano: 33 daAuts
